 Dungeon Crawl Stone Soup version 0.17-a0-744-gaa96792 (webtiles) character file.

751 xeno23 the Chiller (level 7, -1/46 HPs)
             Began as a Merfolk Ice Elementalist on Apr 21, 2015.
             Killed from afar by Pikel (17 damage)
             ... with a wand of lightning
             ... on level 5 of the Dungeon.
             The game lasted 00:30:11 (4625 turns).

xeno23 the Chiller (Merfolk Ice Elementalist)       Turns: 4625, Time: 00:30:11

Health: -1/46      AC: 13    Str:  8    XL:     7   Next: 78%
Magic:  2/10       EV: 16    Int: 16    God:
Gold:   227        SH:  0    Dex: 15    Spells: 3 memorised, 2 levels left

rFire  x . .     SeeInvis .     L - +0 trident
rCold  + . .     Clarity  .     l - +2 robe {MR+}
rNeg   . . .     SustAb   .     (no shield)
rPois  .         Gourm    .     h - +1 helmet
rElec  .         Spirit   .     (no cloak)
rCorr  .         Warding  .     (no gloves)
rMut   .         Stasis   .     (no boots)
MR     +....                    (no amulet)
Stlth  ++........               t - +3 ring of evasion
                                J - ring of ice

@: icy armour, somewhat resistant to hostile enchantments, unstealthy
A: change form in water, swift swim
a: no special abilities


You were on level 5 of the Dungeon.
You were not hungry.

You visited 1 branch of the dungeon, and saw 5 of its levels.
You also visited: Sewer.

You collected 227 gold pieces.

Inventory:

Hand weapons
 a - a +0 blowgun
 b - the +2 rapier of Change {pain, rElec rPois rF+ rN+}
   (You found it on level 4 of the Dungeon)

   In the hands of one skilled in necromantic magic, it inflicts extra damage on
   living creatures.
   It protects you from fire.
   It insulates you from electricity.
   It protects you from poison.
   It protects you from negative energy.
 L - a +0 trident (weapon)
Missiles
 d - 2 throwing nets (quivered)
 K - 39 poisoned needles
Armour
 h - a +1 helmet (worn)
 l - a +2 robe of magic resistance (worn)
Jewellery
 e - an uncursed ring of protection from magic
 t - a +3 ring of evasion (right hand)
 u - an uncursed ring of protection from cold
 v - an uncursed ring of teleportation
 J - a ring of ice (left hand)
Scrolls
 k - 3 scrolls of identify
 n - 3 scrolls of remove curse
 p - 2 scrolls of blinking {unknown}
 y - 2 scrolls of noise {unknown}
 z - 2 scrolls of fog {unknown}
 C - a scroll of teleportation {unknown}
 D - 3 scrolls of fear {unknown}
 F - a scroll of recharging {unknown}
 G - 3 scrolls of enchant weapon {unknown}
 H - a scroll of magic mapping {unknown}
 I - a scroll of enchant armour
Potions
 f - a potion of resistance {unknown}
 i - 4 potions of curing
 m - 2 potions of poison {unknown}
 o - 3 potions of heal wounds {unknown}
 q - 2 potions of restore abilities {unknown}
 x - a potion of ambrosia {unknown}
 A - 4 potions of agility
 E - a potion of mutation {unknown}
 M - 2 potions of brilliance {unknown}
 N - a potion of might {unknown}
 O - 2 potions of flight {unknown}
Books
 j - a book of Frost

   Spells                             Type                      Level
   a - Freeze                         Ice                          1
   b - Throw Frost                    Conjuration/Ice              2
   c - Ozocubu's Armour               Charms/Ice                   3
   d - Throw Icicle                   Conjuration/Ice              4
   e - Summon Ice Beast               Ice/Summoning                4
   f - Condensation Shield            Ice                          4
Comestibles
 c - 4 bread rations
 g - 6 fruits
 r - 4 meat rations
 s - a royal jelly
 w - a beef jerky


   Skills:
 - Level 2.6 Dodging
 - Level 2.2 Stealth
 - Level 2.0 Spellcasting
   Level 0.7 Conjurations
 - Level 5.1 Charms
 + Level 4.6 Summonings
 + Level 5.9 Ice Magic


You had 2 spell levels left.
You knew the following spells:

 Your Spells              Type           Power        Failure   Level  Hunger
a - Freeze                Ice            ####         1%          1    #......
c - Summon Ice Beast      Ice/Summ       ####....     28%         4    #####..
x - Ozocubu's Armour      Chrm/Ice       ####....     8%          3    ###....


Dungeon Overview and Level Annotations

Branches:
Dungeon (5/15)             Temple (0/1) D:5

Altars:
Elyvilon
Gozag
Yredelemnul
Zin
The Shining One

Annotations:
D:5 Pikel


Message History

The bolt of lightning misses you. Something hits your ice beast.
Something melts your ice beast. Something barely misses your ice beast.
Attack whom?
Press: ? - help, Dir - move target cursor, f - Pikel
Aim: Pikel, wielding a whip of flaming, wearing a robe and carrying a wand of lightning {zapped: 4} You reach to attack!
You hit Pikel.
Pikel is lightly wounded.
Your ice beast hits Pikel but does no damage.
Pikel hits your ice beast with a whip of flaming.
Pikel melts your ice beast.
Attack whom?
Press: ? - help, Dir - move target cursor, f/p - Pikel
Aim: Pikel, wielding a whip of flaming, wearing a robe and carrying a wand of lightning {zapped: 4} (lightly wounded)
You could not reach far enough!
Your ice beast hits Pikel.
Your ice beast freezes Pikel!
Pikel zaps a wand.
The bolt of lightning hits your ice beast.
Your ice beast dies!
The bolt of lightning hits you!
You die...

# .....# ........# ..
........### .... #.#.....#.#
#####.... #.........###.......#
#.#.................#
#.#.....[###.......#
#.##.>..()[@.......#
#....<..#####K.....####
##.........K...([.......
#####...................##.
........###(...#.#......##
.......##≈######≈##......##.##.
.......#≈≈≈≈≈≈#≈≈≈#....(.((...(
)......#≈≈≈#≈≈#≈≈≈#..).........
.......##≈##≈≈##≈##.....!####.


You could see Pikel.

Vanquished Creatures
  2 phantoms (D:4)
  2 slaves (D:5)
  An ogre (D:4)
  2 orc wizards
  A giant frog skeleton (D:5)
  A hound (D:4)
  An orc priest (D:4)
  3 worker ants
  5 adders
  4 gnolls (D:4)
  6 river rats
  An ooze (Sewer)
  2 worms (D:3)
  2 giant geckos
  16 orcs
  5 bats
  7 goblins
  10 hobgoblins
  A quokka (D:3)
  6 ball pythons
  5 giant cockroaches
  5 giant newts
  24 kobolds
  28 rats
140 creatures vanquished.

Vanquished Creatures (collateral kills)
  A slave (D:5)
  A goblin (D:5)
2 creatures vanquished.

Vanquished Creatures (others)
  2 ice beasts (D:5)
2 creatures vanquished.

Grand Total: 144 creatures vanquished

Notes
Turn   | Place    | Note
--------------------------------------------------------------
     0 | D:1      | xeno23, the Merfolk Ice Elementalist, began the quest for the Orb.
     0 | D:1      | Reached XP level 1. HP: 13/13 MP: 3/3
   552 | D:1      | Reached XP level 2. HP: 8/19 MP: 1/5
   787 | D:1      | Reached skill level 4 in Ice Magic
  1521 | D:2      | Reached XP level 3. HP: 18/24 MP: 1/6
  1597 | D:2      | Found a glowing golden altar of the Shining One.
  1597 | D:2      | Found a white marble altar of Elyvilon.
  1597 | D:2      | Found a glowing silver altar of Zin.
  1876 | D:3      | Reached skill level 5 in Ice Magic
  1876 | D:3      | Reached XP level 4. HP: 15/30 MP: 2/7
  2368 | D:3      | Learned a level 3 spell: Ozocubu's Armour
  2488 | D:3      | Reached skill level 1 in Charms
  2488 | D:3      | Reached XP level 5. HP: 35/35 MP: 4/8
  2896 | D:3      | Learned a level 4 spell: Summon Ice Beast
  2950 | D:4      | Found a basalt altar of Yredelemnul.
  3149 | D:4      | Got an encrusted rapier
  3158 | D:4      | Reached XP level 6. HP: 19/41 MP: 9/9
  3181 | D:4      | Identified the cursed +2 rapier of Change {pain, rElec rPois rF+ rN+} (You found it on level 4 of the Dungeon)
  3219 | D:4      | Noticed an ogre
  3230 | D:4      | Killed an ogre
  3230 | D:4      | Reached skill level 5 in Charms
  3432 | D:4      | Noticed a phantom
  3438 | D:4      | Reached skill level 1 in Summonings
  3468 | D:4      | Killed a phantom
  3468 | D:4      | Reached XP level 7. HP: 20/46 MP: 5/10
  3709 | D:4      | Found an opulent altar of Gozag.
  3812 | D:5      | Entered Level 5 of the Dungeon
  3878 | D:5      | Found a staircase to the Ecumenical Temple.
  3922 | D:5      | Found a glowing drain.
  3932 | Sewer    | Entered a sewer
  4581 | D:5      | Noticed Pikel
  4625 | D:5      | Killed from afar by Pikel

Action                   |  1- 3 |  4- 6 |  7- 9 || total
-------------------------+-------+-------+-------++-------
Melee: Dagger            |    53 |    41 |       ||    94
       Unarmed           |     7 |       |       ||     7
       Rapier            |       |    26 |   137 ||   163
       Trident           |       |       |     3 ||     3
 Fire: Blowgun           |       |    32 |    12 ||    44
 Cast: Freeze            |    27 |    53 |    29 ||   109
       Ozocubu's Armour  |       |     2 |     7 ||     9
       Summon Ice Beast  |       |       |     2 ||     2
  Use: Scroll            |       |     5 |     1 ||     6
       Potion            |       |       |     1 ||     1
 Stab: Sleeping          |     1 |     7 |     3 ||    11
       Distracted        |     1 |       |     1 ||     2
  Eat: Chunk             |     3 |     6 |     6 ||    15
